 Dungeon Crawl Stone Soup version 0.24.0-123-gd5b16e6ec5 (webtiles) character file.

Game seed: 4230695328329810675, levelgen mode: deterministic

58 Descartes the Ruffian (level 3, -1/37 HPs)
             Began as a Troll Monk on Feb 5, 2020.
             Slain by a gnoll
             ... wielding a +0 halberd
              (12 damage)
             ... on level 2 of the Dungeon.
             The game lasted 00:01:40 (868 turns).

Descartes the Ruffian (Troll Monk)                   Turns: 868, Time: 00:01:42

Health: -1/37      AC:  6    Str: 20    XL:     3   Next: 76%
Magic:  2/2        EV: 10    Int:  6    God:
Gold:   43         SH:  0    Dex: 12    Spells: 2/2 levels left

rFire    . . .     SeeInvis .     - Unarmed
rCold    . . .     Gourm    +   (no shield)
rNeg     . . .     Faith    .   a - +0 robe
rPois    .         Spirit   .   (helmet restricted)
rElec    .         Reflect  .   (no cloak)
rCorr    .         Harm     .   (gloves unavailable)
MR       .....                  (boots unavailable)
Stlth    +.........             (no amulet)
HPRegen  0.52/turn              (no ring)
MPRegen  0.08/turn              (no ring)

@: lightly drained
A: large, unfitting armour, claws 3, fast metabolism 3, gourmand, regeneration
1, shaggy fur 1, tough skin 3
a: no special abilities


You were on level 2 of the Dungeon.
You were completely stuffed.

You visited 1 branch of the dungeon, and saw 2 of its levels.

You collected 43 gold pieces.

Inventory:

Missiles
 h - 112 stones (quivered)
 i - 20 sling bullets
Armour
 a - a +0 robe (worn)
Jewellery
 e - an uncursed ring of wizardry {unknown}
 g - an uncursed ring of magical power {unknown}
Scrolls
 d - 2 scrolls of identify {unknown}
Potions
 c - 4 potions of mutation {unknown}
 f - 4 potions of lignification {unknown}
Comestibles
 b - 7 rations
 j - 3 chunks of flesh


   Skills:
 + Level 3.0(2.5) Fighting
 + Level 3.0(2.5) Dodging
 - Level 1.0(0.5) Stealth
 + Level 3.6(3.1) Unarmed Combat


You had 2 spell levels left.
You didn't know any spells.
Your spell library was empty.

Dungeon Overview and Level Annotations

Branches:
Dungeon (2/15)

Altars:


Innate Abilities, Weirdness & Mutations

You are too large for most types of armour.
You have claws for hands.
Your metabolism is lightning-fast.
You like to eat raw meat.
Your natural rate of healing is unusually fast.
You are covered in fur. (AC +1)
You have extremely tough skin. (AC +3)


Message History

The gnoll shouts!
The gnoll hits you from afar with a +0 halberd.
You scratch the gnoll but do no damage. The gnoll closely misses you.
You barely miss the gnoll. The gnoll hits you with a +0 spear.
The gnoll hits you from afar with a +0 halberd!
You claw the gnoll!
The gnoll is almost dead.
The gnoll hits you but does no damage.
The gnoll hits you from afar with a +0 halberd!
* * * LOW HITPOINT WARNING * * *
The gnoll closely misses you.
You are too injured to fight recklessly!
You are too injured to fight recklessly!
You claw the gnoll!
You kill the gnoll!
Your base Fighting skill increases to level 3!
Your base Dodging skill increases to level 3!
The gnoll completely misses you.
The gnoll hits you from afar with a +0 halberd!
You die...

## ... ##...#
#gg..
##########.g#
#........@)#
#.......####
#.......#####.#
#.......#.....#
#######...#
.### #.###
...#######.#
##.......#.#
##....>#....##


You could see 3 gnolls.

Vanquished Creatures
  2 adders (D:2)
  A gnoll (D:2)
  A worm (D:2)
  A dart slug (D:1)
  A giant cockroach (D:1)
  2 hobgoblins (D:2)
  6 kobolds
  4 bats
  5 goblins
  5 rats (D:1)
28 creatures vanquished.

Notes
Turn   | Place    | Note
-------+----------+-------------------------------------------
     0 | D:1      | Descartes the Troll Monk began the quest for the Orb.
     0 | D:1      | Reached XP level 1. HP: 22/22 MP: 0/0
   102 | D:1      | Reached XP level 2. HP: 29/29 MP: 1/1
   678 | D:2      | Reached XP level 3. HP: 29/36 MP: 2/2
   868 | D:2      | Slain by a gnoll

Levels and vault maps discovered:
D:1:      saegor_arrival_simple_e, layout_rooms, nrook_uturn,
          hangedman_decor_points, minmay_misc_feat_rugged,
          roderic_roman_lattice, minmay_strange_pillars, minmay_bisected
D:2:      layout_rooms, zin_treasury

Skill      XL: |  1  2  3 |
---------------+----------+-----
Fighting       | 3 |  3.0
Dodging        | 3 |  3.0
Stealth        | |  1.0
Unarmed Combat | |  3.6

Action                   || total
-------------------------++-------
Melee: Unarmed           ||    68
       Punch             ||     2
 Stab: Sleeping          ||     2
       Distracted        ||     1
  Eat: Chunk             ||    13
Armor: Robe              ||    24
Dodge: Dodged            ||    36
